 Dungeon Crawl Stone Soup version 0.30-a0-782-ge64f9170bb (webtiles) character file.

Game seed: 5004109163585793056

18 mopl the Insei (level 2, 0/19 HPs)
             Began as a Djinni Transmuter on Mar 4, 2023.
             Slain by a hobgoblin (3 damage)
             ... on level 1 of the Dungeon.
             The game lasted 00:01:24 (683 turns).

mopl the Insei (Djinni Transmuter)                   Turns: 683, Time: 00:01:25

Health: 0/19       AC:  2    Str:  9    XL:     2   Next: 90%
Gold:   50         EV: 12    Int: 14    God:
                   SH:  0    Dex: 13

rFire   + + .      SeeInvis .      - Unarmed
rCold   x . .      Faith    .    (no shield)
rNeg    . . .      Spirit   .    a - +0 robe
rPois   ∞          Reflect  .    (helmet currently unavailable)
rElec   .          Harm     .    (no cloak)
rCorr   .          Rampage  .    (no gloves)
Will    .....                    (boots unavailable)
Stlth   +                        (no amulet)
HPRegen 0.23/turn                (no ring)
MPRegen 0.00/turn                (no ring)

@: appendages, flying
A: horns 2, flying, reduced essence, sickness immunity, fire resistance 2, cold
vulnerability 1, float, innate caster, HP casting, extra vitality 1
a: End Transformation


You were on level 1 of the Dungeon.
You had temporarily grown beastly horns.
You visited 1 branch of the dungeon, and saw 1 of its levels.

You collected 50 gold pieces.

Inventory:

Missiles
 c - 4 boomerangs
Armour
 a - a +0 robe (worn)
 d - a +0 buckler
 f - a scarf of harm
Scrolls
 e - a scroll of fear {unknown}
 g - a scroll of amnesia {unknown}
Potions
 b - a potion of lignification {!q}


   Skills:
 - Level 1.0 Fighting
 - Level 2.1 Dodging
 * Level 3.6 Unarmed Combat
 + Level 1.9 Spellcasting


You couldn't memorise any spells.
You knew the following spells:

 Your Spells              Type           Power      Damage    Failure   Level
a - Beastly Appendage     Tmut           12%        N/A       11%         1
c - Spider Form           Tmut/Pois      6%         N/A       32%         3
d - Ice Form              Ice/Tmut       6%         N/A       73%         4
w - Wereblood             Tmut           6%         N/A       17%         2
Your spell library was empty.

Dungeon Overview and Level Annotations

Branches:
Dungeon (1/15)

Altars:
Hepliaklqana

Shops:
D:1 ((=:


Innate Abilities, Weirdness & Mutations

You have temporarily grown beastly horns.
You are flying.
Your life essence is reduced to manifest your ancestor. (-10% HP)
You are immune to sickness and miasma.
You are immune to poison.
Your flesh is very heat resistant. (rF++)
You are vulnerable to cold. (rC-)
You float through the air rather than walking.
You learn spells naturally, not from books.
Your magical power is your life essence.
You have superior vitality. (+4 MHP)


Message History

Found a leather armour.
The quokka bites you.
You closely miss the quokka. Your headbutt misses the quokka.
Your punch misses the quokka. The quokka bites you.
You are too injured to fight recklessly!
You are too injured to fight recklessly!
You are too injured to fight recklessly!
You are too injured to fight recklessly!
You are too injured to fight recklessly!
You are too injured to fight recklessly!
You are too injured to fight recklessly!
You are too injured to fight recklessly!
You are too injured to fight recklessly!
You are too injured to fight recklessly!
You are too injured to fight recklessly!
You are too injured to fight recklessly!
You are too injured to fight recklessly!
You are too injured to fight recklessly!
Casting: Beastly Appendage (safe; 11% risk of failure)
Confirm with . or Enter, or press ? or * to list all spells.
You extend your transformation's duration.
The quokka closely misses you. The quokka bites you.
* * * LOW HITPOINT WARNING * * *
You hit the quokka.
The quokka is lightly wounded.
The quokka bites you.
* * * LOW HITPOINT WARNING * * *
You hit the quokka but do no damage.
The quokka is lightly wounded.
The quokka bites you.
* * * LOW HITPOINT WARNING * * *
You miss the quokka. You headbutt the quokka.
The quokka is almost dead.
The quokka closely misses you.
You hit the quokka.
You kill the quokka!
You hit the hobgoblin but do no damage. The hobgoblin barely misses you.
You closely miss the hobgoblin. You headbutt the hobgoblin.
The hobgoblin is moderately wounded.
The hobgoblin hits you.
You die...

#.# # #.# .#
#. #.###.# #.
......# #.
#.... #. ##..#
#.##..8#.#
#..#g#>#..#
####..@8.∩.8.#
+....$....####
####....#8#
####.#...#
#........#
#.##...#.# #+#
# #.###.# #.#
#.##.###.# #.#
#........#


You could see a hobgoblin.

Vanquished Creatures
  A dart slug (D:1)
  3 ball pythons (D:1)
  2 bats (D:1)
  4 endoplasms (D:1)
  A giant cockroach (D:1)
  A hobgoblin (D:1)
  3 jackals (D:1)
  3 quokkas (D:1)
  A frilled lizard (D:1)
  2 goblins (D:1)
21 creatures vanquished.

Notes
Turn   | Place    | Note
-------+----------+-------------------------------------------
     0 | D:1      | mopl the Djinni Transmuter began the quest for the Orb.
     0 | D:1      | mopl set off with the following spells memorised: Beastly
                  | Appendage, Wereblood, Spider Form, Ice Form.
     0 | D:1      | Reached XP level 1. HP: 17/17 MP: 0/0
    45 | D:1      | Found Rexuen's Antique Weapon Shop.
    76 | D:1      | Found Papest's Weapon Shop.
   148 | D:1      | Reached XP level 2. HP: 8/22 MP: 0/0
   362 | D:1      | Found a faded altar of an unknown god.
   370 | D:1      | Prayed at the altar of an unknown god.
   370 | D:1      | Became a worshipper of Hepliaklqana the Forgotten
   370 | D:1      | Reached * piety under Hepliaklqana
   371 | D:1      | Fell from the grace of Hepliaklqana
   494 | D:1      | Found Tex Raca's Jewellery Shop.
   659 | D:1      | Found Hareig's Book Shoppe.
   683 | D:1      | Slain by a hobgoblin

Illustrated notes

Levels and vault maps discovered:
D:1:      dpeg_arrival_arbitrary_c, layout_loops_corners,
          shapermc_ecumenical_altar_notcrosses, serial_shops, shop, shop,
          nicolae_shop_statue_plus, shop, nicolae_diamond_shop

Action                     || total
---------------------------++-------
  Melee: Unarmed           ||    89
         Headbutt          ||    11
         Punch             ||     1
   Cast: Beastly Appendage ||    16
 Invoke: Renounce Religion ||     1
 Armour: Robe              ||    14
  Dodge: Dodged            ||    48

Table legend: (Time is in decaauts)
 A = Elapsed time spent in this place.
 B = Non-inter-level travel time spent in this place.
 C = Inter-level travel time spent in this place.
 D = Time resting spent in this place.
 E = Time spent auto-exploring this place.
 F = Levels seen in this place.
 G = Mean time per level.
                   A        B        C        D        E       F      G
               +--------+--------+--------+--------+--------+-----+--------+
         Total |    677 |    677 |      0 |    118 |    358 |   1 |  677.0 |
       Dungeon |    677 |    677 |      0 |    118 |    358 |   1 |  677.0 |
               +--------+--------+--------+--------+--------+-----+--------+

Top non-repeatable levels by time:
     D:1: 677 daAuts
